 Dungeon Crawl Stone Soup version 0.29.0-4-gdea44cf6ec (webtiles) character file.

Game seed: 10478424726977134339

192 qw the Chopper (level 5, -12/30 HPs)
             Began as a Tengu Warper on Aug 28, 2022.
             Mangled by an ogre
             ... wielding a +0 giant spiked club
              (15 damage)
             ... on level 4 of the Dungeon.
             The game lasted 00:00:18 (3639 turns).

qw the Chopper (Tengu Warper)                       Turns: 3639, Time: 00:00:19

Health: -12/30     AC: 11    Str: 14    XL:     5   Next: 71%
Magic:  9/9        EV:  5    Int: 13    God:
Gold:   169        SH:  0    Dex: 13    Spells: 8/8 levels left

rFire   . . .      SeeInvis .   Y - +0 hand axe
rCold   . . .      Faith    .   (no shield)
rNeg    . . .      Spirit   .   f - +0 plate armour
rPois   .          Reflect  .   (helmet restricted)
rElec   .          Harm     .   (no cloak)
rCorr   .          Rampage  .   (no gloves)
Will    .....                   (boots unavailable)
Stlth   ..........              (no amulet)
HPRegen 0.10/turn               (no ring)
MPRegen 0.11/turn               (no ring)

@: about to teleport, flying quickly and evasively, quick
A: beak, talons 3, nimble flight
a: no special abilities


You were on level 4 of the Dungeon.
You visited 1 branch of the dungeon, and saw 4 of its levels.

You collected 169 gold pieces.


Innate Abilities, Weirdness & Mutations

You have a beak for a mouth.
You have claws for feet.
Your magical nature lets you fly swiftly and evasively.


   Skills:
 - Level 2.0 Fighting
 + Level 5.8 Axes
 - Level 1.0 Throwing
 - Level 2.5 Armour
 - Level 2.1 Dodging
 - Level 2.0 Spellcasting
 - Level 2.4 Translocations


You had 8 spell levels left.
You didn't know any spells.
Your spell library contained the following spells:

 Spells                   Type           Power      Damage    Failure   Level
 Blink                    Tloc           14%        N/A       100%        2
 Gell's Gravitas          Tloc           7%         N/A       100%        3
 Lesser Beckoning         Tloc           7%         N/A       100%        3
 Teleport Other           Tloc           7%         N/A       100%        3
 Manifold Assault         Tloc           7%         N/A       100%        5

Inventory:

Hand Weapons
 h - a +0 flail
 Y - a +0 hand axe (weapon)
Missiles
 i - 6 boomerangs
 j - a silver boomerang (quivered)
Armour
 d - a scarf of repulsion
 f - a +0 plate armour (worn)
Jewellery
 k - a ring of fire
Scrolls
 a - a scroll of identify
Potions
 b - a potion of might
 c - a potion of haste
 e - a potion of flight {unknown}
 g - a potion of curing

Dungeon Overview and Level Annotations

Branches:
Dungeon (4/15)
 Temple: D:4-7

Altars:
Dithmenos
Vehumet

Annotations:
D:4 Sigmund


Message History

The silver boomerang closely misses the quokka.
The quokka bites you but does no damage.
You slash the quokka!
You kill the quokka!
You feel a little less mighty now.
You now have 167 gold pieces (gained 9).
You now have 169 gold pieces (gained 2).
Found 7 stones.
Enter note:
Enter note:
l - a scroll of teleportation
Enter note:
Found 8 stones.
An ogre comes into view. It is wielding a +0 giant spiked club.
Enter note: Throw: boomerang (silver)
Press: ? - help, Q - select action, (/) - cycle Shift-Dir - straight line, f - ogre You throw a silver boomerang.
The silver boomerang completely misses the ogre.
Sigmund the Dreaded comes into view.
He is wielding a +0 scythe.
You see here 8 stones.
You hit the ogre. Your kick misses the ogre.
The ogre is lightly wounded.
The ogre hits you with a +0 giant spiked club!!
Ouch! That really hurt!
3637 ||| READING scroll of teleportation.
As you read the scroll of teleportation, it crumbles to dust.
You feel strangely unstable. Sigmund says, "I'm your fate."
The ogre hits you with a +0 giant spiked club.
You barely miss the ogre. Your kick misses the ogre. Your peck misses the ogre.
The ogre is lightly wounded.
Sigmund mumbles some strange words.
Sigmund flickers and vanishes!
Deactivating autopickup; reactivate with Ctrl-A.
You hit the ogre. You claw the ogre. You peck the ogre.
The ogre is heavily wounded.
The ogre hits you with a +0 giant spiked club!
Ouch! That really hurt!
You die...

...... ##....
###..... .......
.....# ...#
#...# ....
##..O# #...
####...@## #..
.........### #.#
...........###.#
####...........#
...###...##...##
....
#.###.#....## .
#.. #..
#...#....#####.#
## #..
#...#.#.......##
#..
#...#..#.......#


You could see an ogre.

Vanquished Creatures
  A howler monkey (D:3)
  An orc priest (D:3)
  Jessica (D:2)
  An orc wizard (D:3)
  An adder (D:3)
  4 dart slugs
  A worm (D:3)
  6 orcs (D:3)
  4 ball pythons
  5 endoplasms
  2 giant cockroaches
  6 goblins
  3 kobolds
  8 quokkas
  8 bats
  A frilled lizard (D:1)
  5 rats
58 creatures vanquished.

Notes
Turn   | Place    | Note
-------+----------+-------------------------------------------
     0 | D:1      | qw the Tengu Warper began the quest for the Orb.
     0 | D:1      | Reached XP level 1. HP: 12/12 MP: 4/4
     0 | D:1      | 0 ||| qw: Version: 0.1-a-89-g26bdef1
     0 | D:1      | 0 ||| qw: Game counter: 2297
     0 | D:1      | 0 ||| qw: Always use a shield: true
     0 | D:1      | 0 ||| qw: God list: Okawaru
     0 | D:1      | 0 ||| qw: Allow faded altars: false
     0 | D:1      | 0 ||| qw: Do Orc after D:15 true
     0 | D:1      | 0 ||| qw: Do second Lair branch before Depths: true
     0 | D:1      | 0 ||| qw: Lair rune preference: random
     0 | D:1      | 0 ||| qw: Plans: Normal
     0 | D:1      | 0 ||| PLANNING D:1-11
   328 | D:1      | Reached skill level 3 in Axes
   328 | D:1      | Reached XP level 2. HP: 17/17 MP: 6/6
   337 | D:1      | Found a faded altar of an unknown god.
   793 | D:1      | 793 ||| Stepping ~*~*~tactically~*~*~ (hiding).
   895 | D:1      | 895 ||| Stepping ~*~*~tactically~*~*~ (hiding).
   997 | D:1      | 997 ||| Stepping ~*~*~tactically~*~*~ (hiding).
  1002 | D:1      | Reached XP level 3. HP: 21/21 MP: 7/7
  1401 | D:1      | 1401 ||| UPGRADING to +0 ring mail.
  1411 | D:1      | 1411 ||| DROPPING +0 leather armour.
  1412 | D:1      | 1412 ||| READING 3 scrolls labelled PIH NECRANLO.
  1413 | D:1      | 1413 ||| READING scroll labelled DUILAESTICS.
  1414 | D:1      | 1414 ||| DRINKING 2 black potions.
  1415 | D:1      | 1415 ||| READING 2 scrolls of identify.
  1415 | D:1      | 1415 ||| IDENTIFYING bubbling golden potion
  1416 | D:1      | 1416 ||| DROPPING scroll of blinking.
  1417 | D:1      | 1417 ||| DROPPING potion of brilliance.
  1446 | D:2      | Reached skill level 4 in Axes
  1501 | D:2      | Noticed Jessica
  1506 | D:2      | Killed Jessica
  1507 | D:2      | Reached XP level 4. HP: 23/26 MP: 8/8
  1507 | D:2      | 1507 ||| FLEEEEING.
  1508 | D:2      | 1508 ||| FLEEEEING.
  1511 | D:2      | 1511 ||| STAIRDANCE
  1543 | D:2      | 1543 ||| STAIRDANCE
  1697 | D:2      | 1697 ||| Stepping ~*~*~tactically~*~*~ (stealth).
  1700 | D:2      | 1700 ||| Stepping ~*~*~tactically~*~*~ (stealth).
  1704 | D:2      | 1704 ||| Stepping ~*~*~tactically~*~*~ (stealth).
  1973 | D:2      | 1973 ||| UPGRADING to +0 plate armour.
  1983 | D:2      | 1983 ||| DROPPING +0 ring mail.
  1984 | D:2      | 1984 ||| READING scroll labelled UPEFYO ZADYXYI.
  1987 | D:2      | 1987 ||| READING scroll labelled DITRESK DEAMN.
  1988 | D:2      | 1988 ||| READING 3 scrolls of identify.
  1988 | D:2      | 1988 ||| IDENTIFYING brown potion
  1989 | D:2      | 1989 ||| READING 2 scrolls of identify.
  1989 | D:2      | 1989 ||| IDENTIFYING puce potion
  1990 | D:2      | 1990 ||| DROPPING potion of lignification.
  2016 | D:3      | 2016 ||| Stepping ~*~*~tactically~*~*~ (stealth).
  2063 | D:3      | 2063 ||| Stepping ~*~*~tactically~*~*~ (stealth).
  2102 | D:3      | 2102 ||| Stepping ~*~*~tactically~*~*~ (stealth).
  2104 | D:3      | 2104 ||| Stepping ~*~*~tactically~*~*~ (stealth).
  2105 | D:3      | 2105 ||| Stepping ~*~*~tactically~*~*~ (stealth).
  2106 | D:3      | 2106 ||| Stepping ~*~*~tactically~*~*~ (stealth).
  2108 | D:3      | 2108 ||| Stepping ~*~*~tactically~*~*~ (stealth).
  2115 | D:3      | 2115 ||| FLEEEEING.
  2116 | D:3      | 2116 ||| FLEEEEING.
  2117 | D:3      | 2117 ||| FLEEEEING.
  2120 | D:3      | 2120 ||| STAIRDANCE
  2287 | D:3      | 2287 ||| Stepping ~*~*~tactically~*~*~ (hiding).
  2292 | D:3      | Gained mutation: Your magical nature lets you fly swiftly
                  | and evasively. [Tengu growth]
  2292 | D:3      | Reached XP level 5. HP: 30/30 MP: 9/9
  2457 | D:3      | Reached skill level 5 in Axes
  2630 | D:3      | 2630 ||| FLEEEEING.
  2631 | D:3      | 2631 ||| FLEEEEING.
  2632 | D:3      | 2632 ||| FLEEEEING.
  2635 | D:3      | 2635 ||| FLEEEEING.
  2636 | D:3      | 2636 ||| FLEEEEING.
  2642 | D:3      | 2642 ||| FLEEEEING.
  2643 | D:3      | 2643 ||| FLEEEEING.
  2644 | D:3      | 2644 ||| FLEEEEING.
  2645 | D:3      | 2645 ||| FLEEEEING.
  2646 | D:3      | 2646 ||| FLEEEEING.
  2647 | D:3      | 2647 ||| FLEEEEING.
  2648 | D:3      | 2648 ||| FLEEEEING.
  2649 | D:3      | 2649 ||| FLEEEEING.
  2650 | D:3      | 2650 ||| FLEEEEING.
  2651 | D:3      | 2651 ||| FLEEEEING.
  2654 | D:3      | 2654 ||| FLEEEEING.
  2671 | D:3      | HP: 6/30 [something/puff of flame (6)]
  2960 | D:3      | 2960 ||| DROPPING +0 club.
  2961 | D:3      | 2961 ||| DROPPING +0 mace.
  2978 | D:3      | Found a radiant altar of Vehumet.
  2981 | D:3      | Found a shadowy altar of Dithmenos.
  3090 | D:3      | 3090 ||| Stepping ~*~*~tactically~*~*~ (stealth).
  3091 | D:3      | 3091 ||| Stepping ~*~*~tactically~*~*~ (stealth).
  3092 | D:3      | 3092 ||| Stepping ~*~*~tactically~*~*~ (stealth).
  3258 | D:3      | 3258 ||| Stepping ~*~*~tactically~*~*~ (stealth).
  3266 | D:3      | 3266 ||| Stepping ~*~*~tactically~*~*~ (stealth).
  3491 | D:3      | 3491 ||| DRINKING 2 silvery potions.
  3633 | D:4      | Noticed an ogre
  3634 | D:4      | Noticed Sigmund
  3636 | D:4      | HP: 7/30 [ogre/+0 giant spiked club (23)]
  3637 | D:4      | 3637 ||| READING scroll of teleportation.
  3637 | D:4      | HP: 3/30 [ogre/+0 giant spiked club (4)]
  3639 | D:4      | Mangled by an ogre

Levels and vault maps discovered:
D:1:      grunt_arrival_crossed_arrows, layout_loops_cross,
          hellmonk_ecumenical_altar_run_dry
D:2:      layout_rooms, uniq_jessica
D:3:      layout_basic, nicolae_overflow_squiral, minmay_misc_feat_x,
          minmay_misc_feat_iff, minmay_misc_feat_pillars
D:4:      nicolae_cairo_tiling, layout_layer_cave, uniq_sigmund

Skill      XL: |  1  2  3  4  5 |
---------------+----------------+-----
Axes           | 3 4 5 |  5.8
Armour         | 2 |  2.5
Fighting       | |  2.0
Throwing       | |  1.0
Dodging        | |  2.1
Spellcasting   | |  2.0
Translocations | |  2.4

Action                   |  1- 3 |  4- 6 || total
-------------------------+-------+-------++-------
Melee: Hand axe          |    68 |    87 ||   155
       Peck              |     7 |    10 ||    17
       Kick              |    11 |    27 ||    38
       Punch             |       |     1 ||     1
Throw: Boomerang         |     7 |    21 ||    28
  Use: Scroll            |     3 |     5 ||     8
       Potion            |     1 |     1 ||     2
Armor: Leather armour    |    21 |       ||    21
       Plate armour      |       |    34 ||    34
       Ring mail         |       |     7 ||     7
Dodge: Dodged            |    42 |    19 ||    61

Table legend:
 A = Non-vault XP
 B = Vault XP
 C = Vault XP percentage of total XP
 D = Non-vault monster count
 E = Vault monster count
 F = Vault count percentage of total count
                 A         B        C        D         E       F
            +---------+---------+-------+---------+---------+-------
      Total |     238 |      37 |  13.5 |      57 |       1 |   1.7
            +---------+---------+-------+---------+---------+-------
        D:1 |      40 |       0 |   0.0 |      22 |       0 |   0.0
        D:2 |      25 |      37 |  59.7 |      13 |       1 |   7.1
        D:3 |     167 |       0 |   0.0 |      19 |       0 |   0.0
        D:4 |       6 |       0 |   0.0 |       3 |       0 |   0.0
            +---------+---------+-------+---------+---------+-------
